Map: Acid Plant LE

Players

Nerchio

  • Race: Zerg Zerg
  • Spawn Location: 11:00

HellraiseR - Winner!

  • Race: Protoss Protoss
  • Spawn Location: 5:00

Event: WCS Valencia 2018

VOD

Have the link to the VOD?

Description

Time

  • Played on: July 12, 2018, 9:45 a.m.
  • Length: 17:22

All games in this series

Show
View Real Time Build Order
Export as new Build Order

Nerchio Zerg 

Build Orders: Hatch First 

Get SALT Encoding   

  12  0:00  Drone  
  13  0:13  Overlord  
  13  0:16  Drone  
  14  0:31  Drone x2  
  16  0:48  Hatchery  
  15  0:52  Drone  
  15  0:55  Drone  
  17  0:59  Drone  
  18  1:10  Extractor  
  17  1:15  Spawning Pool  
  17  1:17  Drone  
  17  1:22  Drone  
  18  1:28  Drone  
  19  1:38  Overlord  
  19  1:50  Drone  
  20  2:01  Queen x2  
  20  2:02  Zergling x2  
  20  2:03  Zergling x2  
  26  2:10  Metabolic Boost  
  26  2:14  Drone  
  27  2:17  Drone  
  27  2:22  Drone  
  29  2:23  Drone  
  30  2:40  Hatchery  
  30  2:42  Drone  
  30  2:45  Drone  
  30  2:47  Drone  
  32  2:51  Overlord  
  32  2:59  Queen  
  32  3:03  Drone  
  32  3:04  Drone  
  36  3:11  Drone x3  
  39  3:13  Drone  
  39  3:15  Drone  
  39  3:17  Drone  
  39  3:19  Drone  
  43  3:23  Overlord  
  43  3:25  Drone  
  44  3:29  Overlord  
  44  3:36  Lair  
  44  3:41  Queen  
  44  3:43  Drone  
  47  3:48  Spore Crawler  
  47  3:49  Drone  
  47  3:50  Drone  
  47  3:53  Drone x3  
  51  3:56  Extractor  
  51  3:57  Extractor, Zergling x2  
  51  3:59  Zergling x2  
  51  4:00  Zergling x2  
  52  4:08  Overlord  
  52  4:09  Drone x3  
  55  4:13  Overlord  
  55  4:18  Drone x2  
  57  4:25  Spore Crawler  
  57  4:30  Drone  
  57  4:31  Drone x3  
  60  4:32  Baneling Nest  
  60  4:37  Hydralisk Den  
  58  4:45  Zergling x12  
  64  4:50  Spore Crawler  
  60  5:01  Zergling x4  
  62  5:09  Hydralisk x5  
  73  5:14  Overlord x2  
  73  5:21  Baneling x3, Overlord  
  73  5:33  Hydralisk x3  
  73  5:34  Drone x5  
  73  5:35  Drone  
  85  5:37  Drone  
  85  5:38  Drone  
  85  5:41  Drone x2  
  89  5:44  Extractor, Drone  
  89  5:48  Queen  
  91  5:51  Muscular Augments  
  91  5:54  Drone x2  
  90  5:58  Drone x2  
  90  5:59  Extractor  
  90  6:02  Evolution Chamber  
  90  6:04  Drone x2  
  90  6:09  Overlord  
  90  6:10  Drone x2  
  90  6:11  Drone x2  
  95  6:12  Drone  
  95  6:15  Overlord  
  98  6:25  Drone  
  98  6:26  Overlord x2  
  98  6:33  Extractor  
  97  6:41  Hydralisk x6  
  97  6:43  Hydralisk  
  97  6:46  Baneling x3  
  111  6:48  Hydralisk  
  111  6:51  Hydralisk x2  
  111  6:52  Hydralisk  
  119  6:54  Hydralisk  
  119  6:58  Hydralisk  
  119  7:01  Baneling  
  124  7:03  Hydralisk x2, Overlord x2  
  124  7:05  Overlord  
  128  7:09  Baneling x6  
  128  7:10  Zergling x4  
  129  7:17  Overlord  
  129  7:26  Hydralisk  
  129  7:29  Hydralisk x5  
  116  7:33  Hydralisk  
  121  7:39  Hydralisk  
  96  8:00  Hydralisk x4  
  96  8:04  Hydralisk  
  98  8:11  Spawning Pool  
  92  8:15  Drone x8  
  92  8:18  Drone x2  
  101  8:32  Hatchery  
  100  8:38  Grooved Spines  
  96  8:48  Hydralisk  
  96  8:49  Hatchery  
  96  8:51  Hydralisk  
  99  8:57  Overseer  
  99  8:58  Hydralisk x2  
  99  9:02  Hydralisk  
  103  9:04  Hydralisk  
  103  9:09  Queen  
  109  9:15  Hydralisk x2  
  113  9:22  Pneumatized Carapace  
  113  9:26  Zergling x2  
  113  9:27  Zergling x6  
  113  9:30  Zergling x6  
  120  9:38  Zergling x2  
  121  9:40  Zergling x2  
  122  9:47  Zergling x6  
  122  9:50  Baneling x11  
  122  9:52  Zergling x2  
  121  9:55  Zergling x2  
  121  10:00  Zerg Melee Weapons Level 1  
  121  10:01  Hydralisk  
  121  10:02  Hydralisk  
  121  10:05  Baneling  
  125  10:11  Zergling x4  
  125  10:13  Hydralisk  
  122  10:23  Hydralisk x2  
  122  10:25  Hydralisk  
  125  10:30  Hydralisk  
  125  10:31  Extractor  
  125  10:32  Queen  
  125  10:35  Hydralisk  
  128  10:37  Zergling x8  
  128  10:39  Zergling x2  
  128  10:41  Baneling x3  
  128  10:42  Baneling  
  135  10:46  Drone  
  136  10:59  Hydralisk x4  
  140  11:09  Zergling x4  
  132  11:11  Hydralisk  
  132  11:13  Zergling x6  
  132  11:17  Hydralisk  
  134  11:19  Hydralisk  
  126  11:25  Hydralisk  
  126  11:28  Zergling x4  
  117  11:33  Hydralisk  
  117  11:34  Hydralisk  
  117  11:35  Zergling x2  
  117  11:36  Hatchery  
  113  11:41  Hydralisk  
  113  11:45  Zergling x4  
  115  11:47  Queen  
  115  11:49  Drone  
  115  11:50  Drone  
  119  11:54  Centrifical Hooks  
  119  11:59  Drone  
  119  12:00  Drone x2  
  121  12:02  Drone  
  121  12:04  Drone  
  121  12:05  Drone  
  121  12:07  Drone  
  125  12:13  Drone x2  
  127  12:16  Zerg Melee Weapons Level 2  
  127  12:18  Baneling  
  127  12:19  Baneling x3  
  127  12:20  Baneling  
  127  12:28  Zergling x10  
  132  12:33  Extractor  
  132  12:34  Drone x3  
  134  12:39  Overlord  
  134  12:50  Hydralisk x4  
  142  12:54  Baneling x5  
  142  13:03  Zergling x6  
  142  13:04  Baneling, Zergling x8  
  139  13:07  Hydralisk  
  139  13:09  Hydralisk  
  139  13:12  Zergling x4  
  128  13:17  Hydralisk  
  128  13:18  Hydralisk  
Show
View Real Time Build Order
Export as new Build Order

HellraiseR Protoss - Winner!

Build Orders: 1 Gate Expand, Oracle Opening, Phoenix Opening, Zealot Archon, Archon Drop 

Get SALT Encoding   

  12  0:00  Probe  
  13  0:12  Probe  
  14  0:20  Pylon  
  14  0:24  Probe  
  15  0:34  Probe  
  15  0:38  Gateway  
  15  0:42  Probe  
  16  0:47  Assimilator  
  17  0:53  Probe  
  18  1:05  Probe  
  19  1:21  Nexus  
  19  1:24  Probe  
  20  1:34  Cybernetics Core  
  20  1:37  Probe  
  21  1:45  Assimilator  
  21  1:49  Probe  
  21  1:52  Pylon  
  22  2:00  Probe  
  23  2:02  Adept  
  23  2:08  Probe  
  26  2:16  Probe  
  27  2:24  Stargate  
  27  2:27  Probe  
  27  2:29  Probe, Adept  
  31  2:37  Probe  
  31  2:39  Warp Gate, Probe  
  33  2:47  Probe  
  34  2:51  Probe  
  35  2:59  Phoenix  
  35  3:00  Probe  
  35  3:03  Probe  
  37  3:08  Gateway  
  37  3:12  Probe  
  40  3:14  Pylon  
  40  3:15  Oracle  
  40  3:16  Assimilator  
  40  3:17  Probe  
  41  3:24  Probe  
  45  3:29  Probe  
  45  3:32  Assimilator  
  46  3:36  Probe  
  46  3:40  Pylon  
  46  3:41  Probe  
  48  3:47  Robotics Facility  
  48  3:48  Probe  
  49  3:53  Probe  
  50  3:57  Twilight Council  
  50  4:00  Probe  
  51  4:05  Probe  
  51  4:07  Gateway  
  52  4:10  Gateway  
  52  4:12  Probe  
  53  4:17  Pylon, Probe  
  54  4:24  Probe  
  54  4:27  Warp Prism  
  54  4:29  Probe  
  56  4:38  Templar Archives  
  58  4:53  Zealot x2  
  58  4:58  Nexus  
  60  5:00  Pylon  
  60  5:01  Probe  
  60  5:03  Charge  
  60  5:04  Probe  
  60  5:06  Pylon  
  63  5:17  High Templar x4  
  63  5:20  Pylon  
  70  5:21  Archon x2  
  70  5:22  Shield Battery  
  70  5:25  Gateway  
  70  5:29  Gateway  
  70  5:36  Gateway  
  70  5:39  Gateway  
  70  5:42  Probe x2  
  72  5:54  Probe  
  72  5:56  Probe  
  74  5:58  Gateway x2  
  74  6:01  High Templar x2  
  74  6:02  Sentry, Zealot  
  82  6:05  Archon  
  82  6:07  Probe  
  82  6:08  Probe  
  85  6:19  Probe  
  85  6:21  Probe  
  85  6:25  High Templar x2  
  90  6:26  Zealot  
  90  6:30  Pylon, Archon  
  90  6:31  Pylon, Zealot x2  
  96  6:32  Pylon  
  96  6:33  Zealot  
  98  6:40  Zealot x2  
  102  6:53  Zealot  
  102  6:54  Zealot x3  
  108  7:00  Zealot x2  
  108  7:01  Zealot x3  
  120  7:13  Observer  
  121  7:18  Zealot x2  
  121  7:19  Zealot x3  
  131  7:28  Zealot  
  131  7:29  Zealot x2  
  127  7:32  Zealot x2  
  117  7:43  Zealot x5  
  113  8:01  Zealot x4  
  113  8:03  Zealot x6  
  111  8:23  High Templar x8  
  111  8:24  Zealot x2  
  111  8:25  Probe x3  
  128  8:27  Forge  
  128  8:29  Archon x3  
  128  8:30  Assimilator, Archon, Protoss Ground Weapons Level 1  
  124  8:34  Assimilator  
  124  8:37  Probe  
  124  8:38  Probe  
  126  8:46  Zealot x2  
  126  8:49  Probe  
  126  8:51  Pylon  
  126  8:55  Zealot x3  
  133  8:59  Pylon  
  133  9:00  Pylon  
  133  9:02  Pylon  
  133  9:26  Zealot x5  
  133  9:27  Zealot  
  133  9:28  Warp Prism  
  135  9:34  Zealot x2  
  135  9:35  Zealot x6  
  147  9:42  Zealot x2  
  145  9:51  Psionic Storm  
  131  9:55  Immortal  
  131  9:58  Zealot x2  
  131  9:59  Zealot x6  
  147  10:06  Protoss Ground Weapons Level 2  
  131  10:26  Nexus  
  131  10:28  Immortal  
  125  10:30  High Templar x4  
  125  10:31  High Templar x4  
  125  10:32  High Templar  
  143  10:35  Archon x2  
  143  10:41  Pylon, Probe x2  
  143  10:42  Probe  
  150  10:49  Zealot  
  152  10:52  Archon  
  152  10:53  Probe, Archon  
  151  11:03  Zealot x5  
  151  11:04  Zealot x3  
  126  11:20  Zealot x2  
  126  11:23  Zealot x4  
  126  11:24  Zealot x4  
  104  11:46  High Templar x3  
  104  11:47  High Templar x2  
  108  11:50  High Templar x2, Sentry  
  108  11:51  Zealot x2  
  118  11:55  Archon  
  118  11:58  Immortal  
  118  12:05  Nexus  
  118  12:13  Pylon  
  122  12:17  Pylon  
  122  12:18  High Templar  
  122  12:19  High Templar, Sentry  
  122  12:20  Zealot x4  
  136  12:22  Archon  
  136  12:26  Probe x2  
  138  12:32  Pylon  
  138  12:37  High Templar  
  138  12:38  High Templar  
  138  12:39  Zealot  
  138  12:42  Archon  
  144  12:46  Zealot x4  
  142  13:08  Zealot x6  
  142  13:09  Zealot x2  
  148  13:15  Archon x2  
  148  13:18  Zealot x2  
  148  13:19  Probe x2  
Tags
 
Add a new tag
Caveats
  • Supply blocks, unpowered buildings, or Contaminate may cause inaccurate times.
  • Supply counts are checked every 10 seconds.